 Dungeon Sprint DCSS version 0.29.0-11-gd7f09526c8 (webtiles) character file.

Game seed: 2951775618898035404

435 Zeld the Cleaver (level 6, -5/64 (93) HPs)
             Began as a Minotaur Berserker on Sept 6, 2022.
             Was a Believer of Trog.
             Slain by Sonja
             ... wielding a +2 dagger of draining
              (9 damage)
             ... in the Dungeon (Sprint I: "Red Sonja").
             The game lasted 00:00:45 (617 turns).

Zeld the Cleaver (Minotaur Berserker)                Turns: 617, Time: 00:00:45

HP:   -5/64 (93)    AC:  2    Str: 24    XL:     6   Next: 68%
MP:   5/5           EV: 14    Int:  4    God:    Trog [**....]
Gold: 13            SH:  0    Dex:  9    Spells: 5/5 levels left

rFire   . . .      SeeInvis .   a - +0 hand axe
rCold   . . .      Faith    .   (no shield)
rNeg    . . .      Spirit   .   b - +0 animal skin
rPois   .          Reflect  .   (helmet restricted)
rElec   .          Harm     .   (no cloak)
rCorr   .          Rampage  .   (no gloves)
Will    .....      NoTele   +   (no boots)
Stlth   ..........              (no amulet)
HPRegen 0.20/turn               (no ring)
MPRegen 0.09/turn               (no ring)

@: mighty, berserking, very heavily drained, very quick
A: horns 2, retaliatory headbutt
a: Renounce Religion, Berserk, Trog's Hand


You were in the Dungeon.
You worshipped Trog.
Trog was pleased with you.
You visited 1 branch You collected 351 gold pieces.
You spent 338 gold pieces at shops.

Inventory:

Hand Weapons
 a - a +0 hand axe (weapon)
Armour
 b - a +0 animal skin (worn)
Wands
 i - a wand of digging (5)
Scrolls
 h - a scroll of blinking
Potions
 c - 2 potions of curing
 d - 5 potions of heal wounds
 e - a potion of haste
 f - 2 potions of magic
 g - 2 potions of berserk rage
 j - a potion of might


   Skills:
 + Level 8.5 Fighting
 * Level 11.4 Axes
 + Level 8.1 Armour
 + Level 7.4 Dodging


You had 5 spell levels left.
You didn't know any spells.
Your spell library was empty.

Dungeon Overview and Level Annotations

Branches:
Dungeon (1/1)

Altars:
Cheibriados
Dithmenos
Elyvilon
Fedhas
Gozag
Hepliaklqana
Kikubaaqudgha
Nemelex Xobeh
Okawaru
Qazlal
Ru
Sif Muna
Trog
Uskayaw
Vehumet
Wu Jian
Yredelemnul
Zin
The Shining One

Shops:
D !

Annotations:
D Sonja


Innate Abilities, Weirdness & Mutations

You have a pair of horns on your head.
You reflexively headbutt those who attack you in melee.


Message History

You barely miss Sonja. Your headbutt misses Sonja. You miss Sonja.
Your headbutt misses Sonja. Sonja completely misses you.
Sonja hits you with a +2 dagger of draining.
You feel drained.
Sonja hits you with a +2 dagger of draining!
You feel drained.
You miss Sonja. Your headbutt misses Sonja.
Sonja hits you with a +2 dagger of draining.
You feel drained.
Sonja hits you with a +2 dagger of draining!
You feel drained.
Sonja hits you with a +2 dagger of draining.
You feel drained.
Unknown command.
You slash Sonja!
Sonja is heavily wounded.
Unknown command.
Unknown command.
You slash Sonja!
Sonja is severely wounded.
Sonja hits you with a +2 dagger of draining!
You feel drained.
Sonja hits you with a +2 dagger of draining.
You feel drained.
Sonja hits you with a +2 dagger of draining.
* * * LOW HITPOINT WARNING * * *
You feel drained.
* * * LOW HITPOINT WARNING * * *
You closely miss Sonja. Your headbutt misses Sonja.
Sonja is severely wounded.
Sonja hits you with a +2 dagger of draining.
* * * LOW HITPOINT WARNING * * *
You feel drained.
* * * LOW HITPOINT WARNING * * *
Sonja hits you with a +2 dagger of draining.
* * * LOW HITPOINT WARNING * * *
You feel drained.
* * * LOW HITPOINT WARNING * * *
Sonja hits you with a +2 dagger of draining!
You die...

#<.#..)..#..'..#
#..').#..'.)#..+
#..#####'#####'#
#..####..#...#(#
#..#__####..##.#
#..#_____##'#_.+
#⌠⌠#_.∩...†..._#
##.#_..__##_.#'#
#..#_____###@#(#
########## #K###
$.$ #$.$# ##.##
#+#


You could see Sonja.

Vanquished Creatures
  Sigmund (D)
  A yak (D)
  An ogre (D)
  A jelly (D)
  Ijyb (D)
5 creatures vanquished.

Notes
Turn   | Place    | Note
-------+----------+-------------------------------------------
     0 | D        | Zeld the Minotaur Berserker began the quest for the Orb.
     0 | D        | Reached XP level 1. HP: 19/19 MP: 0/0
     2 | D        | Noticed Ijyb
     6 | D        | Killed Ijyb
     7 | D        | Reached skill level 5 in Axes
     7 | D        | Reached XP level 2. HP: 28/28 MP: 1/1
   128 | D        | Noticed an ogre
   132 | D        | Killed an ogre
   133 | D        | Reached skill level 7 in Axes
   133 | D        | Reached skill level 5 in Armour
   133 | D        | Reached XP level 3. HP: 37/37 MP: 2/2
   133 | D        | Reached XP level 4. HP: 44/44 MP: 3/3
   294 | D        | Noticed Sigmund
   304 | D        | Killed Sigmund
   304 | D        | Reached ** piety under Trog
   305 | D        | Reached skill level 10 in Axes
   305 | D        | Reached XP level 5. HP: 52/52 MP: 4/4
   305 | D        | Reached XP level 6. HP: 60/60 MP: 5/5
   339 | D        | Found an ornate altar of the Wu Jian Council.
   339 | D        | Found a shimmering blue altar of Sif Muna.
   341 | D        | Found a radiant altar of Vehumet.
   451 | D        | Found Neicw's Distillery.
   451 | D        | Found an ancient bone altar of Kikubaaqudgha.
   451 | D        | Found a hazy altar of Hepliaklqana.
   451 | D        | Found a stormy altar of Qazlal.
   451 | D        | Found a hide-covered altar of Uskayaw.
   451 | D        | Found a blossoming altar of Fedhas.
   451 | D        | Found a bloodstained altar of Trog.
   451 | D        | Found an iron altar of Okawaru.
   451 | D        | Found a basalt altar of Yredelemnul.
   451 | D        | Found a glowing golden altar of the Shining One.
   451 | D        | Found a snail-covered altar of Cheibriados.
   451 | D        | Found a sacrificial altar of Ru.
   451 | D        | Found a glowing silver altar of Zin.
   451 | D        | Found a shadowy altar of Dithmenos.
   451 | D        | Found a white marble altar of Elyvilon.
   451 | D        | Noticed a yak
   455 | D        | Killed a yak
   456 | D        | Reached skill level 11 in Axes
   456 | D        | Found an opulent altar of Gozag.
   457 | D        | Found a sparkling altar of Nemelex Xobeh.
   602 | D        | Bought a potion of berserk rage for 65 gold pieces
   602 | D        | Bought a potion of curing for 39 gold pieces
   602 | D        | Bought 2 potions of might for 104 gold pieces
   602 | D        | Bought a potion of heal wounds for 65 gold pieces
   602 | D        | Bought a potion of heal wounds for 65 gold pieces
   609 | D        | Noticed Sonja
   617 | D        | Slain by Sonja

Illustrated notes

Levels and vault maps discovered:
D:        dungeon_sprint_1 [red_sonja_temple_1, red_sonja_temple_small_1]

Skill      XL: |  1  2  3  4  5  6 |
---------------+-------------------+-----
Fighting       | 4 6 7 8 |  8.5
Axes           | 5 7 10 11 | 11.4
Armour         | 3 5 7 8 |  8.1
Dodging        | 3 4 6 7 |  7.4

Action                   |  1- 3 |  4- 6 || total
-------------------------+-------+-------++-------
Melee: Hand axe          |     5 |    17 ||    22
       Headbutt          |     1 |     2 ||     3
Invok: Berserk           |     2 |     3 ||     5
Evoke: Wand              |       |     1 ||     1
  Use: Potion            |       |     1 ||     1
Dodge: Dodged            |     2 |    10 ||    12
